 Dungeon Crawl Stone Soup version 0.28-b1-25-g9875b3fc8c (webtiles) character file.

Game seed: 9803659809676051813

32 mopl the Sneak (level 3, 0/26 HPs)
             Began as an Octopode Delver on Feb 8, 2022.
             Slain by an orc priest (7 damage)
             ... on level 5 of the Dungeon.
             The game lasted 00:00:47 (315 turns).

mopl the Sneak (Octopode Delver)                     Turns: 315, Time: 00:00:48

Health: 0/26       AC:  1    Str: 11    XL:     3   Next: 27%
Magic:  3/3        EV: 13    Int: 12    God:
Gold:   12         SH:  0    Dex: 15    Spells: 2/2 levels left

rFire   . . .      SeeInvis .   a - +0 falchion
rCold   . . .      Faith    .   (no shield)
rNeg    . . .      Spirit   .   (helmet restricted)
rPois   .          Reflect  .   (no amulet)
rElec   .          Harm     .   (no ring)
rCorr   .          Rampage  .   (no ring)
Will    .....                   (no ring)
Stlth   +++++.....              (no ring)
HPRegen 0.08/turn               (no ring)
MPRegen 0.08/turn               (no ring)
                                (no ring)
                                (no ring)

@: no status effects
A: almost no armour, amphibious, 8 rings, camouflage 1, gelatinous body 1,
(nimble swimmer 1), tentacles
a: no special abilities


You were on level 5 of the Dungeon.
You visited 1 branch of the dungeon, and saw 2 of its levels.

You collected 12 gold pieces.

Inventory:

Hand Weapons
 a - a +0 falchion (weapon)
Missiles
 h - 3 javelins (quivered)
Wands
 f - a wand of digging (3)
 g - a wand of iceblast (6)
Scrolls
 b - a scroll of fog
 c - a scroll of magic mapping
 d - a scroll of fear
Potions
 e - a potion of haste


   Skills:
 + Level 3.1 Fighting
 * Level 2.3 Long Blades
 + Level 2.0 Dodging
 + Level 7.5 Stealth


You had 2 spell levels left.
You didn't know any spells.
Your spell library was empty.

Dungeon Overview and Level Annotations

Branches:
Dungeon (5/15)
 Temple: D:4-7

Altars:


Innate Abilities, Weirdness & Mutations

You cannot wear most types of armour.
You are amphibious.
You can wear up to eight rings at the same time.
Your skin changes colour to match your surroundings (Stealth+).
Your rubbery body absorbs attacks. (AC +1, EV +1)
((You are camouflaged when in or above water. (Stealth+)))
You have tentacles for arms and can constrict up to eight enemies at once.


Message History

You barely miss the orc. You grab the orc. Your squeeze misses the orc.
The orc is heavily wounded.
You constrict the orc, but do no damage.
The orc hits you with a +0 short sword of flaming.
* * * LOW HITPOINT WARNING * * *
The orc burns you.
* * * LOW HITPOINT WARNING * * *
The orc barely misses you.
You hit the orc but do no damage. You squeeze the orc.
You kill the orc!
You start resting.
An orc priest is nearby!
You now have 12 gold pieces.
Things that are here:
a +0 short sword of flaming; a +0 leather armour You start resting.
An orc priest is nearby!
You start resting.
An orc priest is nearby!
You start resting.
An orc is nearby!
The orc shouts!
You see here a +0 club.
You barely miss the orc. You grab the orc. You constrict the orc.
The orc hits you but does no damage.
You hit the orc. You squeeze the orc.
The orc is severely wounded.
You constrict the orc. The orc barely misses you.
You hit the orc.
You kill the orc!
The orc priest hits you with a +0 flail.
You hit the orc priest. Your grab misses the orc priest.
You squeeze the orc priest!
The orc priest is heavily wounded.
The orc priest hits you with a +0 flail.
* * * LOW HITPOINT WARNING * * *
You hit the orc priest. Your grab misses the orc priest.
The orc priest is severely wounded.
The orc priest hits you with a +0 flail!
You die...

#.# #...# #. #.#
#...#######. #.#######
#...#....... #.#..).o#
#...#.####..
#.#.###.###...#.####..
#.#.#...#.............
#.#.#.#<#.#####.###...
#.#.#o#.#. #.# #...
#.#.#@#.#. #.# #...
#.#.#.#.#. #.# #...
#.#...#o#. #.# #...
#.#####.#o #.# #...
#.#.###.#o #.###..#
#.#.....# #.......
#.#.#####.# ########
#.#........
#.........#


You could see an orc priest.

Vanquished Creatures
  An orc priest (D:5)
  2 orcs (D:5)
3 creatures vanquished.

Vanquished Creatures (others)
  An adder (D:5)
1 creature vanquished.

Grand Total: 4 creatures vanquished

Notes
Turn   | Place    | Note
-------+----------+-------------------------------------------
     0 | D:5      | mopl the Octopode Delver began the quest for the Orb.
     0 | D:5      | Reached XP level 1. HP: 16/16 MP: 1/1
    37 | D:4      | Noticed an orc priest
    37 | D:4      | Noticed a sky beast
    37 | D:4      | Noticed a jelly
    62 | D:5      | Noticed an orc priest
   103 | D:5      | Noticed an orc priest
   117 | D:5      | Killed an orc priest
   118 | D:5      | Reached skill level 7 in Stealth
   118 | D:5      | Reached XP level 2. HP: 10/21 MP: 2/2
   118 | D:5      | Reached XP level 3. HP: 12/26 MP: 3/3
   315 | D:5      | Slain by an orc priest

Illustrated notes

Levels and vault maps discovered:
D:4:      layout_loops_ring
D:5:      layout_basic, overflow_temple_1_default, serial_shops, shop,
          roderic_serpentine_path, hangedman_decor_opposing,
          small_statue_intersection, lemuel_old_faithful

Skill      XL: |  1 |
---------------+----+-----
Stealth        | 7 |  7.5
Fighting       | |  3.1
Long Blades    | |  2.3
Dodging        | |  2.0

Action                   || total
-------------------------++-------
Melee: Falchion          ||    12
       Constrict         ||     3
       Tentacles         ||     4
Armor: Skin              ||     1
Dodge: Dodged            ||     3
